 Dungeon Crawl Stone Soup version 0.17.0-25-gefc9c12 (webtiles) character file.

873 septik the Firebug (level 7, -3/36 HPs)
             Began as a Deep Elf Fire Elementalist on Nov 19, 2015.
             Was a Believer of Vehumet.
             Slain by dxctxrx's ghost (4 damage)
             ... on level 5 of the Dungeon.
             The game lasted 00:15:06 (4848 turns).

septik the Firebug (Deep Elf Fire Elementalist)     Turns: 4848, Time: 00:15:06

Health: -3/36      AC:  2    Str:  5    XL:     7   Next: 74%
Magic:  5/17       EV:  8    Int: 22    God:    Vehumet [**....]
Gold:   152        SH:  0    Dex: 15    Spells: 4 memorised, 4 levels left

rFire  . . .     SeeInvis .     z - +0 glaive
rCold  . . .     Clarity  .     a - +0 robe
rNeg   . . .     SustAt   .     (shield currently unavailable)
rPois  .         Gourm    .     (no helmet)
rElec  .         Spirit   .     (no cloak)
rCorr  .         Warding  .     (no gloves)
rMut   .         Rnd*Tele +     (no boots)
MR     .....                    (no amulet)
Stlth  ++........               (no ring)
                                y - ring of teleportation (curse)

@: not resistant to hostile enchantments, unstealthy
A: no striking features
a: Renounce Religion, Evoke Teleportation


You were on level 5 of the Dungeon.
You worshipped Vehumet.
Vehumet was pleased with you.
You were not hungry.

You visited 1 branch of the dungeon, and saw 5 of its levels.

You collected 152 gold pieces.

Inventory:

Hand Weapons
 e - a +0 hand axe
 z - a +0 glaive (weapon)
Missiles
 f - 159 stones (quivered)
 A - 2 throwing nets
Armour
 a - a +0 robe (worn)
Jewellery
 o - an uncursed amulet of faith {unknown}
 y - a cursed ring of teleportation (left hand)
Scrolls
 d - 2 scrolls of fog
 m - 3 scrolls of amnesia
 n - a scroll of recharging
 r - 6 scrolls of identify
Potions
 h - 2 potions of brilliance
 i - 2 potions of curing {unknown}
 l - 3 potions of agility
 p - 2 potions of flight {unknown}
 s - 2 potions of heal wounds {unknown}
 t - a potion of cure mutation {unknown}
 v - a potion of haste {unknown}
Books
 b - a book of Flames

   Spells                             Type                      Level
   a - Flame Tongue                   Conjuration/Fire             1
   b - Throw Flame                    Conjuration/Fire             2
   c - Conjure Flame                  Conjuration/Fire             3
   d - Inner Flame                    Hexes/Fire                   3
   e - Sticky Flame                   Conjuration/Fire             4
   f - Fireball                       Conjuration/Fire             5
 w - a book of the Dragon

   Spells                             Type                      Level
   a - Flame Tongue                   Conjuration/Fire             1
   b - Cause Fear                     Hexes                        4
   c - Bolt of Fire                   Conjuration/Fire             6
   d - Dragon Form                    Transmutation                7
   e - Dragon's Call                  Summoning                    9
Comestibles
 c - 7 bread rations
 g - a chunk of flesh
 k - 4 meat rations
 q - a slice of pizza
 u - 5 beef jerkies
 x - 3 fruits
 C - a royal jelly


   Skills:
 - Level 2.4 Dodging
 - Level 2.4 Stealth
 + Level 5.8 Spellcasting
 * Level 6.2 Conjurations
 * Level 6.8 Fire Magic


You had 4 spell levels left.
You knew the following spells:

 Your Spells              Type           Power        Failure   Level  Hunger
a - Flame Tongue          Conj/Fire      #####        1%          1    None
b - Conjure Flame         Conj/Fire      #####...     1%          3    ##.....
c - Sticky Flame          Conj/Fire      #####...     8%          4    ####...
d - Fireball              Conj/Fire      #####.....   17%         5    #####..


Dungeon Overview and Level Annotations

Branches:
Dungeon (5/15)
 Temple: D:4-7

Altars:
Vehumet

Shops:
D:5 (

Annotations:
D:2 Sigmund
D:3 exclusion: 2 orc wizards
D:5 dxctxrx's ghost, novice GrFi


Message History

The sticky flame hits dxctxrx's ghost.
Dxctxrx's ghost appears unharmed.
Dxctxrx's ghost hits you.
Unknown command.
Casting: Sticky Flame
Confirm with . or Enter, or press ? or * to list all spells.
Aiming: Sticky Flame
Press: ? - help, Shift-Dir - straight line, f/p - dxctxrx's ghost
Aim: dxctxrx's ghost, wielding a vorpal weapon The sticky flame hits dxctxrx's ghost.
Dxctxrx's ghost appears unharmed.
Dxctxrx's ghost hits you but does no damage.
Casting: Sticky Flame
Confirm with . or Enter, or press ? or * to list all spells.
Aiming: Sticky Flame
Press: ? - help, Shift-Dir - straight line, f/p - dxctxrx's ghost
Aim: dxctxrx's ghost, wielding a vorpal weapon The sticky flame hits dxctxrx's ghost.
Dxctxrx's ghost appears unharmed.
Dxctxrx's ghost hits you! Dxctxrx's ghost hits you!
* * * LOW HITPOINT WARNING * * *
You die...

...#.# ,,,#.#
,,,#.# ,,<#.#
,,,#.# ,,,#.#
***#.#
#.#############
#...........W@#
###############


You could see dxctxrx's ghost.

Vanquished Creatures
  Edmund (D:4)
  An ogre (D:5)
  A giant frog (D:5)
  A scorpion (D:4)
  A giant frog zombie (D:3)
  A giant frog skeleton (D:5)
  2 orc priests (D:5)
  A gnoll shaman (D:4)
  5 orc wizards
  2 iguanas (D:4)
  A worker ant (D:5)
  A mummy (D:5)
  6 gnolls (D:4)
  An adder (D:2)
  An ooze (D:3)
  A worm (D:2)
  4 giant geckos
  20 orcs
  2 ball pythons (D:3)
  6 giant cockroaches
  9 hobgoblins
  3 jackals (D:2)
  10 kobolds
  3 quokkas
  5 bats
  A giant gecko skeleton (D:4)
  9 giant newts
  10 goblins
  A quokka zombie (D:5)
  4 rats
114 creatures vanquished.

Notes
Turn   | Place    | Note
--------------------------------------------------------------
     0 | D:1      | septik the Deep Elf Fire Elementalist began the quest for the Orb.
     0 | D:1      | Reached XP level 1. HP: 10/10 MP: 6/6
   307 | D:1      | Reached XP level 2. HP: 13/15 MP: 6/8
   725 | D:1      | Reached XP level 3. HP: 19/19 MP: 8/10
   746 | D:1      | Learned a level 3 spell: Conjure Flame
  1083 | D:2      | Found a radiant altar of Vehumet.
  1096 | D:2      | Became a worshipper of Vehumet
  1348 | D:2      | Noticed Sigmund
  1410 | D:3      | Reached skill level 4 in Spellcasting
  1410 | D:3      | Reached XP level 4. HP: 6/24 MP: 3/12
  1884 | D:3      | Reached XP level 5. HP: 28/28 MP: 9/13
  1942 | D:3      | Reached * piety under Vehumet
  1942 | D:3      | Offered knowledge of Sting by Vehumet.
  2450 | D:4      | Learned a level 4 spell: Sticky Flame
  2456 | D:4      | Learned a level 5 spell: Fireball
  2611 | D:4      | Noticed Edmund
  2649 | D:4      | Killed Edmund
  2649 | D:4      | Reached skill level 5 in Fire Magic
  2649 | D:4      | Reached XP level 6. HP: 26/32 MP: 0/15
  3030 | D:4      | Reached skill level 5 in Spellcasting
  3583 | D:4      | Reached skill level 5 in Conjurations
  3791 | D:5      | Entered Level 5 of the Dungeon
  3829 | D:5      | Reached skill level 6 in Fire Magic
  3829 | D:5      | Reached XP level 7. HP: 19/36 MP: 10/17
  4200 | D:5      | Found Qoedom Pannu's Antique Weapon Shop.
  4271 | D:5      | Found a sand-covered staircase.
  4305 | D:5      | Noticed dxctxrx's ghost (novice GrFi)
  4306 | D:5      | HP: 1/36 [mummy (5)]
  4617 | D:5      | Reached ** piety under Vehumet
  4685 | D:5      | Offered knowledge of Throw Frost by Vehumet.
  4848 | D:5      | HP: 1/36 [dxctxrx's ghost (12)]
  4848 | D:5      | Slain by dxctxrx's ghost

Action                   |  1- 3 |  4- 6 |  7- 9 || total
-------------------------+-------+-------+-------++-------
Melee: Hand axe          |     9 |     2 |       ||    11
       Glaive            |       |     3 |     4 ||     7
Throw: Stone             |       |     2 |       ||     2
 Cast: Flame Tongue      |    88 |   119 |    50 ||   257
       Conjure Flame     |     1 |     6 |     4 ||    11
       Sticky Flame      |       |     2 |     5 ||     7
  Use: Scroll            |       |     6 |       ||     6
 Stab: Sleeping          |     1 |       |       ||     1
  Eat: Chunk             |     1 |     8 |     3 ||    12
       Fruit             |       |     1 |       ||     1
